Cogmind - Beta 13 @@@ ROGUE MODE // 2024.08.02 @ 15:10:35 Player: Daffa0360 Result: Self-destructed Performance ------------- Evolutions (2) 1000 Regions Visited (4) 800 Robots Destroyed (60) 300 Value Destroyed (1714) 1714 Prototype IDs (7) 140 Alien Tech Used (0) 0 Bonus (26) 26 TOTAL SCORE: 3980 Bonus ------- Follower Combat Kills 58 Friendly Fire -32 Cogmind --------- Core Integrity 262/550 Matter 290/300 Energy 86/100 System Corruption 0% Temperature Critical (575) Movement Core (250) Ox4 Location -8/Materials Parts ------- > --- POWER (1) -------- (None) > --- PROPULSION (2) --- (None) > --- UTILITY (6) ------ Medium Storage Unit Signal Interpreter Transport Network Coupler > --- WEAPON (2) ------- Compact Ion Cannon > --- INVENTORY (10) --- Heavy Ion Engine Improved Aluminum Leg Weight Redist. System Sensor Array Signal Interpreter Light Armor Plating Relay Coupler [Duelist] (21) Advanced Beam Cannon Mini Grenade Launcher Peak State ------------ > --- POWER ------------ Cooled Ion Engine > --- PROPULSION ------- Improved Aluminum Leg Carbon-fiber Leg > --- UTILITY ---------- Medium Storage Unit Improved Sensor Array Signal Interpreter Transport Network Coupler Improved Targeting Computer Hardlight Generator > --- WEAPON ----------- Advanced Beam Rifle Compact Ion Cannon > --- INVENTORY -------- Heavy Ion Engine Improved Aluminum Leg Weight Redist. System Sensor Array Signal Interpreter Light Armor Plating Shield Generator Advanced Beam Cannon Mini Grenade Launcher Mace [Rating: 30] Favorites ----------- Power Cooled Ion Engine Engine Cooled Ion Engine Power Core Nuclear Core Propulsion Wheel Leg Aluminum Leg Wheel Wheel Flight Unit Flight Unit Utility Signal Interpreter Device Sensor Array Storage Medium Storage Unit Processor Signal Interpreter Weapon Light Assault Rifle Energy Gun Improved Medium Laser Energy Cannon Advanced Beam Cannon Ballistic Gun Light Assault Rifle Ballistic Cannon Light Cannon Launcher Rocket Launcher Impact Weapon Mace Build | -11 -10 -9 -9 -8 ------- Run | Yrd Mat Mat Sto Mat Slots Evolved 4 | . . 2 . 2 Power . | . . . . . Propulsion . | . . . . . Utility 4 | . . 2 . 2 Weapon . | . . . . . Parts Attached 70 | 6 14 2 37 11 Power 13 | 1 2 . 7 3 Engine 12 | 1 2 . 7 2 Core 1 | . . . . 1 Reactor . | . . . . . Propulsion 15 | 2 4 . 9 . Treads . | . . . . . Leg 6 | . . . 6 . Wheel 7 | 2 2 . 3 . Hover . | . . . . . Flight 2 | . 2 . . . Utility 16 | 1 1 2 7 5 Device 7 | . . 1 2 4 Storage 4 | 1 . . 3 . Processor 5 | . 1 1 2 1 Hackware . | . . . . . Protection . | . . . . . Artifact . | . . . . . Weapon 26 | 2 7 . 14 3 Energy Gun 5 | 1 2 . 1 1 Energy Cannon 10 | . 2 . 7 1 Ballistic Gun 3 | 1 1 . 1 . Ballistic Cannon 1 | . . . 1 . Launcher 6 | . 2 . 4 . Special Weapon . | . . . . . Impact Weapon 1 | . . . . 1 Slashing Weapon . | . . . . . Piercing Weapon . | . . . . . Special Melee Weapon . | . . . . . Unidentified Prototypes 7 | . . . 6 1 Parts Lost 20 | . 3 . 8 9 Power 3 | . 1 . 1 1 Propulsion 6 | . 1 . 3 2 Utility 6 | . . . 2 4 Weapon 5 | . 1 . 2 2 Highest Loss Streak 7 | . 3 . 3 7 To Critical Strikes . | . . . . . Average Slot Usage (%) 89 | . 89 88 91 86 Engine 9 | . 13 11 8 7 Leg 10 | . . . 16 14 Wheel 6 | . 21 11 1 . Device 4 | . . 11 2 10 Storage 11 | . 14 11 10 9 Processor 24 | . 12 22 28 24 Energy Gun 4 | . 2 . 6 8 Energy Cannon 7 | . 4 11 7 6 Ballistic Gun 4 | . 14 11 1 . Launcher 3 | . 5 . 5 . Naked Turns . | . . . . . Heaviest Build 30 | 13 14 15 27 30 Greatest Support 32 | 20 20 10 32 28 Greatest Overweight (x) 8 | . 1 1 6 8 Average Overweight (x) . | . . 1 . . Largest Inventory Capacity 10 | 8 8 8 10 10 Average Capacity 9 | 7 8 8 9 10 Most Carried 10 | 3 8 7 10 10 Average Carried 7 | . 5 6 7 9 Final Capacity 10 | 8 8 8 10 10 Final Carried 10 | . 8 7 10 9 Class Distribution -------------------- 56% | Mutant 24% | Scavenger-Mutant 15% | Scavenger-Skirmisher 3% | Scavenger-Assassin Dominant Class ---------------- Mutant | -10/Materials Mutant | -9/Materials Scavenger-Mutant | -9/Storage Scavenger-Skirmisher | -8/Materials Resources | -11 -10 -9 -9 -8 ----------- Run | Yrd Mat Mat Sto Mat Matter Collected 1202 | 238 236 32 614 82 Remotely . | . . . . . Salvage Created 1968 | . 344 127 1259 238 Parts 122 | . 18 11 82 11 Haulers Intercepted 7 | . 1 1 5 . Recyclers Shooed . | . . . . . Parts Field Recycled . | . . . . . Retrieved Matter . | . . . . . Parts Self-Destructed . | . . . . . Prevented . | . . . . . Kills | -11 -10 -9 -9 -8 ------- Run | Yrd Mat Mat Sto Mat Combat Hostiles Destroyed 40 | . 6 3 27 4 Melee 1 | . . . . 1 Guns 13 | . 3 . 9 1 Cannons 10 | . . 3 6 1 AOE 14 | . 3 . 11 . Classes Destroyed 11 | . 7 . 4 . Worker 2 | . 1 . 1 . Builder 2 | . 1 . 1 . Hauler 7 | . 1 1 5 . Mechanic 1 | . . . 1 . Operator 3 | . 1 1 1 . Watcher 5 | . 3 . 1 1 Swarmer 7 | . 1 2 4 . Grunt 20 | . 5 1 12 2 Brawler 2 | . . . 2 . Protector 1 | . . . 1 . Sentry 10 | . . . 8 2 Best Kill Streak 9 | . 3 2 9 2 Combat Bots Only 8 | . 2 2 8 2 Max Kills in Single Turn 5 | . 1 1 5 1 Gunslinging . | . . . . . Exploded 4 | . 1 . 4 . Melee 1 | . . . . 1 Uniques/NPCs Destroyed . | . . . . . Combat | -11 -10 -9 -9 -8 -------- Run | Yrd Mat Mat Sto Mat Hostile Shots Fired 239 | . 36 7 96 100 Missed 55 | . 10 2 26 17 Damage Taken 2629 | . 380 39 1021 1189 Core 740 | . 135 14 303 288 Absorbed by Shields 170 | . . . . 170 Regen/Repaired (Parts) 151 | . . . 151 . Core Remaining (%) 55 | 100 46 . 20 . Volleys Fired 208 | . 49 12 114 33 Largest 2 | . 2 2 2 2 Hottest 158 | . 80 80 158 151 Shots Fired 297 | . 82 24 148 43 Gun 179 | . 63 12 80 24 Cannon 97 | . 15 12 51 19 Launcher 21 | . 4 . 17 . Special . | . . . . . Kinetic 102 | . 49 12 41 . Thermal 160 | . 15 12 90 43 Explosive 21 | . 4 . 17 . Electromagnetic 14 | . 14 . . . Robot Hit Streak 28 | . 16 7 28 18 Robot Miss Streak 4 | . 4 4 2 4 Penetration Max . | . . . . . Secondary Targets . | . . . . . Shots Hit Robots 180 | . 51 11 86 32 Core Hits 97 | . 24 6 58 9 Critical Kills . | . . . . . Critical Parts Destroyed 2 | . 1 . . 1 Critical Strikes 8 | . 1 . 6 1 Burn 6 | . . . 6 . Destroy 1 | . 1 . . . Smash 1 | . . . . 1 Melee Attacks 6 | . . . . 6 Impact 6 | . . . . 6 Slashing . | . . . . . Piercing . | . . . . . Sneak Attacks . | . . . . . Combat Hostiles . | . . . . . Follow-up Attacks . | . . . . . Damage Inflicted 4354 | . 983 162 2373 836 Guns 1593 | . 409 22 822 340 Cannons 1250 | . 158 140 541 411 Explosions 1423 | . 416 . 1007 . Melee 85 | . . . . 85 Ramming 3 | . . . 3 . Kinetic 517 | . 223 22 272 . Thermal 2292 | . 310 140 1091 751 Explosive 1271 | . 264 . 1007 . Electromagnetic 186 | . 186 . . . Impact 85 | . . . . 85 Slashing . | . . . . . Piercing . | . . . . . Highest Corruption 1 | . . . 1 . Average Corruption 1 | . . . 1 . Corruption Purged . | . . . . . Corruption Blocked . | . . . . . Effects 5 | . . . 5 . Message Errors 2 | . . . 2 . Matter Fused 2 | . . . 2 . Heat Flow Errors 1 | . . . 1 . Overload Shots . | . . . . . Overflow Damage 64 | . 5 . . 59 Projectiles 10 | . 5 . . 5 Explosions . | . . . . . Melee 54 | . . . . 54 Knockbacks 2 | . . . 1 1 Impact 1 | . . . . 1 Kinetic 1 | . . . 1 . Secondary . | . . . . . Self-Inflicted Damage 133 | . 81 . 52 . Shots 7 | . 4 . 3 . Rammed . | . . . . . Targets Rammed 1 | . . . 1 . Kicked 1 | . . . 1 . Crushed . | . . . . . Highest Temperature 575 | . 120 68 309 575 Average Temperature 78 | . 43 32 59 177 Received Heat Transfer 1162 | . 147 . 354 661 Siege Activations . | . . . . . Robots Corrupted . | . . . . . Combat Hostiles . | . . . . . Parts Fried 1 | . . . . 1 Impact Corruptions 4 | . . . . 4 Robots Melted 1 | . . . 1 . Combat Hostiles 1 | . . . 1 . Parts Melted 10 | . . . 7 3 Heat Transferred 4549 | . 433 296 2636 1184 Parts Sabotaged . | . . . . . Parts Stolen . | . . . . . Parts Stripped . | . . . . . Power Chain Reactions 2 | . 2 . . . Alert | -11 -10 -9 -9 -8 ------- Run | Yrd Mat Mat Sto Mat Peak Influence 325 | . 224 92 325 248 Initial 133 | . . 40 22 133 Average 110 | . 67 47 135 151 Maximum Alert Level 1 | . 1 . 1 1 Low Security (%) 82 | 100 95 100 73 83 Level 1 17 | . 5 . 26 16 Level 2 . | . . . . . Level 3 . | . . . . . Level 4 . | . . . . . Level 5 . | . . . . . High Security . | . . . . . Max Security . | . . . . . Squads Dispatched 7 | . 1 . 3 3 Investigation 3 | . . . 1 2 Extermination . | . . . . . Reinforcement 1 | . 1 . . . Assault 3 | . . . 2 1 Garrison . | . . . . . Intercept . | . . . . . Searches Triggered . | . . . . . Construction Impeded . | . . . . . Haulers Reinforced . | . . . . . Active Scanning Responses . | . . . . . Cargo Convoy Interrupts . | . . . . . Stealth | -11 -10 -9 -9 -8 --------- Run | Yrd Mat Mat Sto Mat Distress Signals 4 | . 1 . 2 1 Communications Jammed . | . . . . . Distress Signals . | . . . . . Times Spotted 69 | . 21 5 33 10 Peak Tracking Total 9 | . 4 3 9 6 Tactical Retreats 2 | . 1 1 . . Traps | -11 -10 -9 -9 -8 ------- Run | Yrd Mat Mat Sto Mat Traps Triggered 3 | . 1 . 1 1 Indirectly . | . . . . . Trap Hack Attempts . | . . . . . Triggered . | . . . . . Disarmed . | . . . . . Reprogrammed . | . . . . . Reused . | . . . . . Traps Extracted . | . . . . . Installed . | . . . . . Triggered . | . . . . . Machines | -11 -10 -9 -9 -8 ---------- Run | Yrd Mat Mat Sto Mat Machines Disabled 6 | . 1 . 4 1 Max in Single Turn 1 | . 1 . 1 1 Garrison Access 2 | . . . 1 1 Machines Repaired . | . . . . . Machines Dismantled . | . . . . . Machines Sabotaged . | . . . . . Overloaded Fab Kills . | . . . . . Hacking | -11 -10 -9 -9 -8 --------- Run | Yrd Mat Mat Sto Mat Machines Accessed 17 | . 3 4 9 1 Terminals 13 | . 2 4 7 . Fabricators . | . . . . . Repair Stations 1 | . . . 1 . Recycling Units 1 | . 1 . . . Scanalyzers . | . . . . . Garrison Access 2 | . . . 1 1 Total Hacks 38 | . 5 7 23 3 Successful 20 | . 3 3 14 . Failed 18 | . 2 4 9 3 Catastrophic 2 | . . 1 1 . Database Lockouts . | . . . . . Manual 11 | . 2 4 5 . Terminals 21 | . 3 7 11 . Fabricators . | . . . . . Repair Stations 10 | . . . 10 . Recycling Units 2 | . 2 . . . Scanalyzers . | . . . . . Garrison Access 5 | . . . 2 3 Terminal Hacks 11 | . 1 3 7 . Open Door 4 | . . . 4 . Emergency Access Points 1 | . . 1 . . Alert Level 1 | . . 1 . . Unreport Threat 3 | . 1 . 2 . Hauler Manifests 1 | . . 1 . . Zone Layout 1 | . . . 1 . Fabricator Hacks . | . . . . . Repair Station Hacks 6 | . . . 6 . Scan Component 3 | . . . 3 . Repair 3 | . . . 3 . Recycling Unit Hacks 2 | . 2 . . . Report Inventory 1 | . 1 . . . Retrieve Components 1 | . 1 . . . Scanalyzer . | . . . . . Garrison Access Hacks 1 | . . . 1 . Seal Access 1 | . . . 1 . Unauthorized Hacks . | . . . . . Terminals . | . . . . . Fabricators . | . . . . . Repair Stations . | . . . . . Recycling Units . | . . . . . Scanalyzers . | . . . . . Garrison Access . | . . . . . Data Cores Recovered 2 | . . 1 1 . Used . | . . . . . Hacking Detections 10 | . 1 4 4 1 Full Trace Events 2 | . . . 1 1 Feedback Events . | . . . . . Feedback Blocked . | . . . . . Robot Schematics Acquired . | . . . . . Robots Built . | . . . . . Authchips . | . . . . . Time . | . . . . . Total Robot Build Rating . | . . . . . Part Schematics Acquired . | . . . . . Parts Built . | . . . . . Authchips . | . . . . . Time . | . . . . . Total Part Build Rating . | . . . . . Parts Repaired 3 | . . . 3 . Time 109 | . . . 109 . Parts Recycled . | . . . . . Recycled Matter . | . . . . . Retrieved Matter . | . . . . . Retrieved Components 10 | . 10 . . . Parts Scanalyzed . | . . . . . Part Schematics Acquired . | . . . . . Parts Damaged . | . . . . . Bothacking | -11 -10 -9 -9 -8 ------------ Run | Yrd Mat Mat Sto Mat Used RIF Installer . | . . . . . Robots Hacked . | . . . . . Non-combat . | . . . . . Combat . | . . . . . Robot Hacks Applied . | . . . . . Relay Couplers Released 3 | . . . . 3 Machine Destruction 3 | . . . . 3 Fabnet Peak Effective % . | . . . . . Robots Rewired . | . . . . . Allies Hacked . | . . . . . Hacks Repelled . | . . . . . Allies | -11 -10 -9 -9 -8 -------- Run | Yrd Mat Mat Sto Mat Total Allies 2 | . . . 2 . Largest Group 2 | . . . 2 . Highest-Rated Group 62 | . . . 62 . Highest-Rated Ally 31 | . . . 31 . Total Orders 2 | . . . 2 . EXPLORE 2 | . . . 2 . Ally Attacks 10 | . . . 10 . Total Damage 64 | . . . 64 . Kills 2 | . . . 2 . Allies Corrupted . | . . . . . Allies Melted . | . . . . . Intel | -11 -10 -9 -9 -8 ------- Run | Yrd Mat Mat Sto Mat Robot Analysis Total . | . . . . . Derelict Logs Recovered . | . . . . . Drone Launches 2 | . . . 2 . Drone Recoveries . | . . . . . Exploration | -11 -10 -9 -9 -8 ------------- Run | Yrd Mat Mat Sto Mat Turns Passed 3685 | 49 620 573 1949 494 Spaces Moved 1940 | 50 454 389 838 209 Core 18 | 10 . . 6 2 Treads . | . . . . . Legs 886 | . . . 679 207 Wheels 1036 | 40 454 389 153 . Hover . | . . . . . Flight . | . . . . . Fastest Speed 50 | 50 80 95 95 120 Average Speed 117 | 74 86 95 140 146 Slowest Speed 450 | 80 95 95 350 450 Overloaded Moves . | . . . . . Propulsion Burnouts . | . . . . . Robots Hopped . | . . . . . Cave-ins Triggered . | . . . . . Exploration Rate (%) 43 | 4 69 38 87 19 Regions Visited 4 Branch Regions 1 Pre-discovered Areas . | . . . . . Known Exits Taken 2 | . . 1 1 . Unknown Exits Taken 2 | 1 1 . . . Scrap Searched . | . . . . . Spaces Dug 11 | . . . 11 . Terrain Destroyed 144 | . 26 . 114 4 Melee . | . . . . . Projectile 6 | . . . 2 4 AOE 138 | . 26 . 112 . Terrain Rammed . | . . . . . Walls Destroyed . | . . . . . Machines Disabled . | . . . . . Actions | -11 -10 -9 -9 -8 --------- Run | Yrd Mat Mat Sto Mat Total 3042 | 61 606 571 1462 342 Wait 734 | . 75 166 423 70 Move 1936 | 49 453 388 837 209 Hop . | . . . . . Pick Up 61 | 6 13 2 34 6 Fast Attach 11 | . 3 . 5 3 Attach 28 | 6 3 2 12 5 Detach . | . . . . . Swap 32 | . 8 . 20 4 Drop 25 | . 2 1 16 6 Fire 208 | . 49 12 114 33 Melee 6 | . . . . 6 Ram . | . . . . . Kick 1 | . . . 1 . Crush . | . . . . . Escape Stasis . | . . . . . Rewire . | . . . . . Trap . | . . . . . Miscellaneous . | . . . . . Route ------- -11/Scrapyard -10/Materials (discovered 2 exits: *Mat / [*Min]) -9/Materials (discovered 3 exits: *Mat / [*Min] / *Sto) -9/Storage -8/Materials History --------- Turn | Location | Event 6 | -11/Scrapyard | Discovered new exit (range 16) 50 | -11/Scrapyard | Entered Materials 112 | -10/Materials | Discovered new exit (range 9) 306 | -10/Materials | Build established: Mutant 411 | -10/Materials | Core integrity fell below 50% 443 | -10/Materials | Lost 3 parts (1p1n1w) 594 | -10/Materials | Discovered new exit (range 12) 670 | -10/Materials | Entered another Materials area 670 | -9/Materials | Evolved 2 slots: Utility x2 947 | -9/Materials | Discovered new exit (range 10) 1097 | -9/Materials | Discovered new exit (range 6) 1107 | -9/Materials | Identified exit to Storage 1159 | -9/Materials | Discovered new exit (range 9) 1243 | -9/Materials | Entered Storage 1360 | -9/Storage | Lost 3 parts (1p1n1w) 1921 | -9/Storage | Build established: Scavenger-Mutant 2275 | -9/Storage | Core integrity fell below 50% 2314 | -9/Storage | Lost 3 parts (2n1w) 2365 | -9/Storage | Discovered new exit (range 3) 2520 | -9/Storage | Build established: Mutant 2613 | -9/Storage | Met a pair of Derelict thieves 2696 | -9/Storage | Destroyed 8 combat bots 2963 | -9/Storage | Repaired Cld. Ion Engine 2991 | -9/Storage | Repaired Med. Storage Unit 3042 | -9/Storage | Repaired Mni. Grenade Launcher 3116 | -9/Storage | Identified exit to Materials 3192 | -9/Storage | Entered Materials 3192 | -8/Materials | Evolved 2 slots: Utility x2 3287 | -8/Materials | Build established: Scavenger-Skirmisher 3680 | -8/Materials | Core integrity fell below 50% 3686 | -8/Materials | Self-destructed Last Messages --------------- 03653_ Garrison Access disabled. 03653_ Relay Coupler [Duelist] tumbles out of Garrison Access. 03653_ Relay Coupler [NC] tumbles out of Garrison Access. 03653_ Relay Coupler [Grunt] tumbles out of Garrison Access. 03654_ Imp. Sensor Array destroyed. 03659_ Acquired Relay Coupler [Grunt]. 03659_ Relay Coupler [Grunt] fries itself. 03666_ Acquired Relay Coupler [Duelist]. 03666_ Adv. Beam Rifle destroyed. 03669_ K-01 Serf collects debris. 03674_ Critical hit (Burn: +29). 03677_ Hardlight Generator destroyed. 03679_ K-01 Serf collects debris. 03679_ U-05 Engineer builds a Wall. 03683_ Nuclear Core destroyed. 03684_ Critical hit (Burn: +37). 03685_ Mace destroyed. Map ----- +----------------------------------------------------+ | ???# """ #????????# # #?????????????? | | ???# """ #????????# + #?????????????? | | ???# #????????# # #?????????????? | | ???##########????????# # #?????????????? | | ?????????????????????# #? #?????????????? | | ??????????????######## ###########?????????????? | | ??????????????# # # #??????????????? | | ??????????????#!![ # # """"" ???????????????? | | ??????????????#![ + # """"" #??????????????? | | ??????????????# [ # # %""""" #??????????????? | | ??????????????# ! + + %%"""" #??????????????? | | ??????????????# # #%%""""" #??????????????? | | ??????????????######+#####% """"" #??????????????? | | ???????????????????# #???#[ %"""" #??????????????? | | ???????????????????# #???# #??????????????? | | ???????????????????# #???#/########??????????????? | | ???????????????????# #####%##############+#??????? | | ???????????????????# #??????? | | ??????????????????########### #??????? | | ??????????????????## # #??????? | | ??????????????????# / != # ???? | | ???????????????????# = + ???? | | ???????????????????# uggg k############ ^^#?????? | | ???????????????????# ! #????????????????????? | | ???????????????????# " #????????????????a???? | | ???????????????????# "@" #????????????????????? | | ???????????????????# g""" #????????????????????? | | ???????????????????# #????????????????????? | | ???????????????????#####+####????????????????????? | | ??????????????????????? ????????????????????????? | | ??????????????????????? ????????????????????????? | | ?????????????????????? ??????????????????a?????? | | ?????????????????????? ????????????????????????? | | ?????????????????????# ????????????????????????? | | ?????????????????????###+????????????????????????? | | ???????????????????????? ????????????????????????? | | ?????????????????????????????????????????????????? | | ?????????????????????????????????????????????????? | | ?????????????????????????????????????????????????? | | ?????????????????????????????????????????????????? | | ?????????????????????????????????????????????????? | | ?????????????????????????????????????????????????? | | ????????????????????????????????????a????????????? | | ?????????????????????????????????????????????????? | | ?????????????????????????????????????????????????? | | ?????????????????????????????????????????????????? | | ?????????????????????????????????????????????????? | | ?????????????????????????????????????????????????? | | ?????????????????????????????????????????????????? | | ?????????????????????????????????????????????????? | +----------------------------------------------------+ Best States ------------- Heat Dissipation 31 Energy Generation 14 Energy Capacity 280 Matter Stores 300 Matter Capacity 300 Sight Range 16 Robot Scan Range 15 Terrain Scan Density 10 Evasion (%) 55 Targeting Accuracy 6 Item Schematics ----------------- None Robot Schematics ------------------ None Fabricated ------------ Nothing Alien Tech Used ----------------- None Achievements -------------- None Challenges ------------ None Game ------ Seed VariableSupercompositeGun Manual? 0 Play Time 00:40:36 Cumulative 16.8 hours Start 2024.08.02 @ 14:27:27 End 2024.08.02 @ 15:10:35 Sessions 1 Manual Loads 0 Difficulty Rogue Special Mode None Game No. 26 Rogue 22 Adventurer 4 Explorer 0 Win Type - Total 0 Types 0/0/0/0/0/0/0/0/0 Lore% 7 Gallery% 21 Achievement% 14 Wizard Run 0 Options --------- Layout 1 ASCII 0 Keyboard 0 Movement Mouse Keybinds 0 Fullscreen 2 Font 24/Smallcaps Map View 50x35 Zoom Use 0% Tactical HUD 1 Map Filters NONE Filters NONE Steam 1 RUN: 4bf963db-53b6-4e6a-88f8-7e3c259e189a